 Dungeon Crawl Stone Soup version 0.30.1-3-gfc49f6343a (webtiles) character file.

Game seed: 2529049836027719631

1530 Heoruswealwe the Thaumaturge (level 8, 0/41 HPs)
             Began as a Deep Elf Conjurer on July 25, 2023.
             Was a Believer of Vehumet.
             Slain by Duvessa
             ... wielding a +0 rapier
              (15 damage)
             ... on level 5 of the Dungeon.
             The game lasted 00:53:09 (4734 turns).

Heoruswealwe the Thaumaturge (Deep Elf Conjurer)    Turns: 4734, Time: 00:53:09

Health: 0/41       AC:  8    Str:  4    XL:     8   Next: 55%
Magic:  1/24       EV: 12    Int: 26    God:    Vehumet [**....]
Gold:   323        SH:  0    Dex: 13    Spells: 6/27 levels left

rFire   . . .        b - +0 long sword
rCold   . . .        (no shield)
rNeg    . . .        c - +0 robe
rPois   .            g - +0 helmet
rElec   .            h - +0 cloak
rCorr   .            f - +2 pair of gloves
SInv    .            e - +0 pair of boots
Will    .....        (no amulet)
Stlth   ++           k - +4 ring of slaying
HPRegen 0.26/turn    (no ring)
MPRegen 0.19/turn

%: no passive effects
@: no status effects
A: no striking features
a: Renounce Religion


You were on level 5 of the Dungeon.
You worshipped Vehumet.
Vehumet was pleased with you.
You visited 1 branch of the dungeon, and saw 6 of its levels.

You collected 323 gold pieces.

Inventory:

Hand Weapons
 b - a +0 long sword (weapon)
Armour
 c - a +0 robe (worn)
 e - a +0 pair of boots (worn)
 f - a +2 pair of gloves (worn)
 g - a +0 helmet (worn)
 h - a +0 cloak (worn)
 E - a +0 robe
Magical Staves
 m - a staff of death
 q - a staff of earth
Jewellery
 k - a +4 ring of slaying (left hand)
Wands
 d - a wand of flame (26)
 s - a wand of digging (4)
Scrolls
 j - 4 scrolls of identify {unknown}
 l - a scroll of enchant weapon {unknown}
 o - 2 scrolls of enchant armour {unknown}
 p - a scroll of amnesia {unknown}
 w - 3 scrolls of teleportation {unknown}
 y - a scroll of torment {unknown}
 B - a scroll of immolation {unknown}
 C - a scroll of fog {unknown}
Potions
 a - a potion of resistance {unknown}
 i - a potion of degeneration {unknown}
 n - a potion of flight {unknown}
 t - a potion of attraction {unknown}
 u - 2 potions of haste {unknown}
 v - a potion of might {unknown}
 x - 3 potions of curing {unknown}
 z - 2 potions of invisibility {unknown}
 A - 2 potions of lignification {unknown}
 D - a potion of mutation {unknown}


   Skills:
 - Level 2.4 Dodging
 - Level 2.4 Stealth
 + Level 10.3 Spellcasting
 + Level 9.4 Conjurations


You had 6 spell levels left.
You knew the following spells:

 Your Spells              Type           Power      Damage    Failure   Level
a - Magic Dart            Conj           100%       1d8       1%          1
b - Shock                 Conj/Air       100%       1d9       1%          1
c - Foxfire               Conj/Fire      100%       2x1d9     1%          1
d - Searing Ray           Conj           100%       2d8       1%          2
e - Dazzling Flash        Conj/Hex       76%        N/A       1%          3
f - Iskenderun's Mystic   Conj/Tloc      38%        2d9       6%          4
g - Fulminant Prism       Conj/Hex       19%        3d10      6%          4
h - Arcjolt               Conj/Air       19%        1d29      17%         5

Your spell library contained the following spells:

 Spells                   Type           Power      Damage    Failure   Level
 Ensorcelled Hibernation  Hex/Ice        26%        N/A       7%          2
 Spider Form              Tmut/Pois      13%        N/A       13%         3
 Vhi's Electric Charge    Tloc/Air       26%        N/A       13%         3
 Anguish                  Hex/Necr       6%         N/A       41%         4
 Plasma Beam              Fire/Air       6%         2x1d18    100%        6


Dungeon Overview and Level Annotations

Branches:
Dungeon (6/15)
 Temple: D:4-7

Altars:
Vehumet

Shops:
D:5 ?*[[[

Annotations:
D:5 Duvessa


Message History

Casting: Iskenderun's Mystic Blast (quite dangerous; 6% risk of failure)
Confirm with . or Enter, or press ? or * to list all spells.
Aiming: Searing Ray (safe; 1% risk of failure)
Press: ? - help, Shift-Dir - straight line, f/p - Duvessa
Aim: Duvessa, wielding a +0 rapier and wearing a +1 chain mail of willpower (moderately wounded, berserk, 90% to hit)
The searing ray hits Duvessa.
Duvessa is moderately wounded. (Press . to maintain the ray.) Duvessa closely misses you.
It was a potion of heal wounds.
You feel much better. Duvessa misses you. Duvessa hits you with a +0 rapier!!
* * * LOW HITPOINT WARNING * * *
You feel much better. Duvessa hits you with a +0 rapier.
Okay, then.
Duvessa hits you with a +0 rapier. Duvessa hits you with a +0 rapier!
Duvessa attacks as you move away! Duvessa hits you with a +0 rapier.
Duvessa completely misses you.
You feel much better. Duvessa hits you with a +0 rapier!
You feel much better. Duvessa hits you with a +0 rapier!
Duvessa hits you but does no damage. Duvessa hits you but does no damage.
Your magical contamination has completely faded away.
Duvessa hits you with a +0 rapier. Duvessa attacks as you move away!
Duvessa misses you. Duvessa hits you with a +0 rapier!
Duvessa barely misses you. Duvessa attacks as you move away!
Duvessa hits you with a +0 rapier!
* * * LOW HITPOINT WARNING * * *
You feel much better. Duvessa misses you. Duvessa hits you with a +0 rapier!
Casting: Searing Ray (safe; 1% risk of failure)
Confirm with . or Enter, or press ? or * to list all spells.
The spell is quite dangerous to miscast (6% risk of failure)!
Continue anyway?
You erupt in a blast of force!
The mystic blast hits Duvessa!
Duvessa is heavily wounded.
Duvessa is knocked back by the mystic blast.
Duvessa slams into the rock wall!
Duvessa rages.
Duvessa hits you with a +0 rapier!
You die...

#.######
#.##.#............... #.#
#.##.#####.##.####### #.#
### #....................
#.#
##.#####..#.#..#)###.######.
#.####.#....#.†#.##...#
#........
#.##..###...#..#.##.∩.#
#########
#.##.#.........#......#
######
.......(............#.#
#..(..
....#...........@e.#..#
#.####
....##.......#####.#.## #.#
....#.###...## #.#.# #.#
.....# ##.## #.#.# #.#
###..# #.# ##.#.#######.####
#...#####.#
#..#.#...........
##.8.......#
#......##########
.....####### #.##.###
.8.∩.8.#...##
#.##.############


You could see Duvessa (berserk).

Vanquished Creatures
  Pikel (D:4)
  Sigmund (D:2)
  A water moccasin (D:5)
  An ice beast (D:6)
  A lemure (D:4)
  3 scorpions
  Dowan (D:5)
  A howler monkey (D:5)
  A jelly (D:5)
  5 hounds
  4 sleepcaps (D:5)
  Jessica (D:2)
  An iguana (D:4)
  An orc wizard (D:4)
  An adder (D:4)
  3 gnolls (D:3)
  A shadow imp (D:5)
  A worm (D:3)
  7 dart slugs
  5 orcs (D:4)
  2 endoplasms
  A giant cockroach (D:1)
  2 goblins (D:4)
  6 hobgoblins
  3 jackals (D:4)
  2 quokkas
  5 ball pythons
  4 bats
  2 frilled lizards (D:3)
  2 kobolds
  7 rats
77 creatures vanquished.

Notes
Turn   | Place    | Note
-------+----------+-------------------------------------------
     0 | D:1      | Heoruswealwe the Deep Elf Conjurer began the quest for the
                  | Orb.
     0 | D:1      | Reached XP level 1. HP: 10/10 MP: 6/6
   174 | D:1      | Reached XP level 2. HP: 15/15 MP: 4/8
   177 | D:1      | Learned a level 2 spell: Searing Ray
   823 | D:2      | Found a faded altar of an unknown god.
   867 | D:2      | Prayed at the altar of an unknown god.
   867 | D:2      | Became a worshipper of Vehumet
   867 | D:2      | Reached * piety under Vehumet
   867 | D:2      | Offered knowledge of Shock by Vehumet.
   870 | D:2      | Learned a level 1 spell: Shock
  1279 | D:2      | Reached skill level 4 in Spellcasting
  1350 | D:2      | Reached skill level 5 in Conjurations
  1350 | D:2      | Reached XP level 3. HP: 19/19 MP: 6/10
  1354 | D:2      | Learned a level 3 spell: Dazzling Flash
  1493 | D:2      | Noticed Jessica
  1496 | D:2      | Killed Jessica
  1497 | D:2      | Reached XP level 4. HP: 24/24 MP: 3/12
  1502 | D:2      | Learned a level 4 spell: Fulminant Prism
  1555 | D:2      | Noticed Sigmund
  1561 | D:2      | Killed Sigmund
  1562 | D:2      | Reached skill level 6 in Spellcasting
  1562 | D:2      | Reached XP level 5. HP: 28/28 MP: 5/15
  1567 | D:2      | Learned a level 4 spell: Iskenderun's Mystic Blast
  1673 | D:3      | You fall into a shaft and drop 1 floor!
  1707 | D:4      | Noticed a lemure
  1712 | D:4      | Reached XP level 6. HP: 32/32 MP: 5/17
  1737 | D:4      | Noticed Pikel
  1749 | D:4      | Killed Pikel
  1750 | D:4      | Reached skill level 8 in Spellcasting
  1750 | D:4      | Reached XP level 7. HP: 3/36 MP: 9/20
  2410 | D:3      | Reached ** piety under Vehumet
  2410 | D:3      | Offered knowledge of Foxfire by Vehumet.
  2413 | D:3      | Learned a level 1 spell: Foxfire
  2419 | D:3      | Learned a level 5 spell: Arcjolt
  2496 | D:2      | You fall into a shaft and drop 1 floor!
  3656 | D:4      | Reached skill level 9 in Spellcasting
  3758 | D:5      | Entered Level 5 of the Dungeon
  3765 | D:5      | Reached XP level 8. HP: 23/41 MP: 10/23
  3927 | D:5      | Found Cuvix's Antique Armour Shoppe.
  3944 | D:5      | Found Zuoruott's Antique Armour Emporium.
  4026 | D:5      | Found Syngian's General Store.
  4202 | D:5      | Reached skill level 10 in Spellcasting
  4242 | D:4      | You fall into a shaft and drop 2 floors!
  4384 | D:5      | Found Ozir Oxtu's Armour Shop.
  4594 | D:5      | Found Vuif's Magic Scroll Shoppe.
  4683 | D:5      | Noticed Dowan
  4688 | D:5      | Killed Dowan
  4700 | D:5      | Noticed Duvessa
  4734 | D:5      | Slain by Duvessa

Illustrated notes

Levels and vault maps discovered:
D:1:      lightli_arrival_lavapool, layout_basic
D:2:      layout_loops_corners, hellmonk_ecumenical_altar_arch_garden,
          uniq_jessica, uniq_sigmund
D:3:      layout_loops_corners
D:4:      layout_loops_ring, grunt_decor_fettered, uniq_pikel
D:5:      layout_loops_ring, serial_shops, shop,
          nicolae_shop_tiny_real_fake_doors, nicolae_shop_dealshenge,
          nicolae_shop_stone, nicolae_shop_statue_plus, uniq_eustachio,
          uniq_duvessa
D:6:      corexii_shantytown, layout_gridville

Skill      XL: |  1  2  3  4  5  6  7  8 |
---------------+-------------------------+-----
Spellcasting   | 4 6 8 9 10 | 10.3
Conjurations   | 5 6 7 8 9 |  9.4
Dodging        | |  2.4
Stealth        | |  2.4

Action                     |  1- 3 |  4- 6 |  7- 9 || total
---------------------------+-------+-------+-------++-------
   Cast: Magic Dart        |    53 |    11 |    57 ||   121
         Searing Ray       |       |     7 |    24 ||    31
         Iskenderun's Myst |       |       |    11 ||    11
    Use: Potion            |       |     1 |     5 ||     6
 Armour: Robe              |     1 |       |     6 ||     7
         Skin              |       |     1 |     2 ||     3
  Dodge: Dodged            |     6 |     6 |    28 ||    40
